Map: Romanticide LE

Players

Rex

  • Race: Zerg Zerg
  • League: Grandmaster

Nice - Winner!

  • Race: Protoss Protoss
  • League: Grandmaster

Event: DreamHack SC2 Masters 2021 Summer

VOD

Have the link to the VOD?

Description

Time

  • Played on: May 21, 2021, 7:33 a.m.
  • Length: 12:33

All games in this series

Show
View Real Time Build Order
Export as new Build Order

Rex Zerg 

Build Orders: Hatch First 

Get SALT Encoding   

  12  0:00  Drone  
  13  0:12  Overlord  
  13  0:17  Drone  
  14  0:30  Drone x2  
  16  0:48  Hatchery  
  15  0:52  Drone  
  15  0:55  Drone  
  17  0:57  Drone  
  18  1:09  Extractor  
  17  1:13  Spawning Pool  
  17  1:16  Drone  
  17  1:20  Drone  
  18  1:28  Drone  
  19  1:38  Drone  
  20  1:51  Overlord  
  20  2:00  Queen  
  20  2:01  Queen  
  22  2:02  Zergling x4  
  26  2:10  Metabolic Boost  
  26  2:11  Drone  
  26  2:14  Drone  
  28  2:21  Drone  
  28  2:22  Drone  
  30  2:37  Hatchery  
  30  2:43  Queen  
  31  2:50  Zergling x2  
  31  2:51  Drone  
  33  2:53  Overlord  
  33  2:56  Drone  
  33  3:14  Drone x3  
  33  3:17  Drone x2  
  33  3:18  Drone  
  39  3:23  Queen  
  39  3:24  Overlord  
  39  3:25  Drone  
  39  3:26  Drone  
  43  3:29  Drone  
  43  3:34  Drone  
  43  3:38  Overlord  
  43  3:40  Spore Crawler  
  43  3:44  Drone x3  
  46  3:50  Drone  
  46  3:51  Drone x3  
  50  4:00  Queen  
  51  4:03  Drone x2  
  51  4:08  Spore Crawler  
  50  4:14  Spore Crawler  
  50  4:15  Zergling x10  
  54  4:19  Drone x3  
  57  4:25  Drone  
  57  4:29  Overlord  
  58  4:34  Roach Warren  
  58  4:36  Overlord  
  58  4:37  Overlord  
  58  4:38  Overlord  
  57  4:44  Overlord x2  
  57  4:52  Drone  
  58  4:55  Overlord  
  58  4:56  Drone x4  
  62  5:02  Lair  
  62  5:03  Drone x3  
  62  5:05  Drone  
  66  5:08  Drone  
  66  5:09  Drone x2  
  66  5:12  Queen  
  71  5:15  Drone  
  72  5:21  Drone x3  
  72  5:22  Queen  
  72  5:24  Drone  
  78  5:29  Drone x5  
  78  5:31  Drone x2  
  83  5:36  Extractor x2, Drone  
  83  5:38  Extractor x3  
  83  5:41  Extractor  
  78  5:48  Drone  
  79  5:50  Overlord  
  79  5:54  Drone  
  79  5:55  Drone  
  81  5:57  Drone x2, Spore Crawler  
  81  5:58  Spore Crawler  
  81  6:00  Hatchery  
  81  6:03  Queen x2  
  84  6:10  Spire  
  83  6:11  Drone  
  83  6:12  Drone x2  
  86  6:21  Drone x6  
  86  6:25  Spore Crawler  
  91  6:26  Spore Crawler  
  91  6:27  Spore Crawler  
  91  6:30  Drone, Glial Reconstitution  
  90  6:35  Evolution Chamber  
  90  6:36  Drone x6  
  95  6:41  Overlord  
  95  6:46  Hatchery  
  94  7:04  Overlord  
  94  7:05  Queen x2, Overlord x2  
  97  7:15  Extractor x2  
  95  7:24  Mutalisk x9  
  113  7:34  Overseer  
  113  7:35  Zergling x10  
  118  7:39  Zerg Missile Weapons Level 1  
  118  7:52  Infestation Pit  
  118  7:55  Drone x7  
  124  8:02  Zerg Flyer Weapons Level 1  
  124  8:03  Drone  
  125  8:07  Overseer  
  125  8:10  Drone x10  
  135  8:12  Overlord  
  135  8:13  Overlord x2  
  135  8:26  Corruptor x4  
  143  8:32  Corruptor x3  
  143  8:37  Drone x4  
  143  8:38  Hive  
  143  8:44  Corruptor  
  143  8:54  Corruptor x2  
  147  8:59  Corruptor  
  149  9:10  Corruptor x3  
  149  9:13  Hatchery  
  150  9:19  Hatchery  
  149  9:26  Corruptor x3  
  149  9:29  Overlord x5  
  155  9:32  Zergling x10  
  136  9:47  Corruptor x4  
  136  9:50  Queen x2  
  136  9:51  Queen  
  133  9:53  Queen  
  133  9:54  Zergling x2  
  133  9:55  Zergling x12  
  142  10:02  Overseer, Adrenal Glands  
  142  10:08  Ultralisk Cavern  
  142  10:12  Zergling x20  
  151  10:17  Roach  
  151  10:26  Queen, Roach x4  
  151  10:27  Roach x3  
  163  10:32  Drone, Roach  
  166  10:39  Roach x4  
  166  10:42  Roach  
  172  10:43  Roach  
  172  10:45  Roach  
  172  10:47  Roach  
  172  10:48  Roach  
  172  10:49  Roach  
  174  10:51  Roach  
  174  10:52  Roach  
  170  10:57  Roach  
  170  10:58  Roach x2  
  170  11:01  Roach x5  
  170  11:03  Ravager  
  170  11:04  Roach  
  169  11:16  Roach  
  169  11:17  Roach x5  
  157  11:20  Roach x6  
  157  11:21  Roach  
  157  11:25  Roach  
  173  11:26  Ravager  
  173  11:27  Overlord x2  
  173  11:30  Overlord x2  
  164  11:41  Overlord x6  
  156  11:48  Roach x2  
  156  11:50  Queen x2, Roach x2  
  158  11:57  Roach x4  
  148  12:01  Roach x3  
  148  12:04  Zergling x4  
  148  12:05  Zergling x2  
Show
View Real Time Build Order
Export as new Build Order

Nice Protoss - Winner!

Build Orders: 1 Gate Expand, Oracle Opening 

Get SALT Encoding   

  12  0:00  Probe  
  13  0:12  Probe  
  14  0:20  Pylon  
  14  0:24  Probe  
  15  0:38  Probe (Chrono Boost)  
  15  0:41  Gateway  
  16  0:49  Probe (Chrono Boost)  
  17  0:51  Assimilator  
  17  0:54  Probe (Chrono Boost)  
  18  1:04  Probe  
  19  1:16  Probe  
  20  1:28  Nexus  
  20  1:38  Cybernetics Core  
  20  1:45  Assimilator  
  20  1:47  Probe  
  21  1:54  Pylon  
  21  2:00  Probe  
  22  2:12  Probe, Adept (Chrono Boost)  
  25  2:24  Probe  
  25  2:25  Stargate  
  26  2:35  Adept  
  26  2:37  Probe (Chrono Boost)  
  29  2:39  Warp Gate  
  29  2:42  Probe (Chrono Boost)  
  30  2:49  Probe (Chrono Boost)  
  32  2:52  Probe (Chrono Boost)  
  32  2:54  Probe (Chrono Boost)  
  32  2:57  Probe  
  32  2:58  Gateway  
  33  3:02  Void Ray (Chrono Boost)  
  38  3:14  Shield Battery  
  38  3:18  Probe x2  
  40  3:22  Pylon  
  40  3:33  Probe  
  39  3:34  Probe  
  39  3:35  Oracle (Chrono Boost)  
  43  3:45  Probe  
  43  3:46  Probe  
  45  3:52  Pylon  
  45  3:57  Probe  
  45  3:58  Probe  
  45  3:59  Void Ray  
  46  4:09  Probe  
  51  4:10  Probe (Chrono Boost), Pylon  
  51  4:14  Nexus  
  52  4:22  Probe (Chrono Boost)  
  54  4:25  Assimilator  
  54  4:26  Pylon  
  54  4:27  Assimilator  
  54  4:28  Probe (Chrono Boost)  
  55  4:31  Probe (Chrono Boost)  
  55  4:35  Probe (Chrono Boost), Pylon  
  55  4:36  Void Ray  
  55  4:37  Probe  
  61  4:46  Probe  
  61  4:49  Probe  
  63  4:52  Forge  
  63  4:58  Probe (Chrono Boost), Pylon  
  64  5:01  Probe (Chrono Boost), Adept  
  64  5:02  Shield Battery  
  67  5:10  Stargate  
  67  5:13  Pylon  
  68  5:16  Probe x2 (Chrono Boost)  
  68  5:17  Void Ray  
  69  5:23  Probe (Chrono Boost)  
  69  5:27  Probe  
  74  5:31  Pylon  
  74  5:34  Probe (Chrono Boost)  
  74  5:35  Probe (Chrono Boost), Stargate  
  76  5:39  Probe (Chrono Boost)  
  76  5:42  Pylon  
  77  5:46  Probe (Chrono Boost)  
  80  5:50  Probe (Chrono Boost)  
  80  5:51  Probe (Chrono Boost)  
  80  5:54  Void Ray  
  80  5:55  Probe x2 (Chrono Boost)  
  80  5:56  Void Ray  
  82  5:57  Probe  
  82  5:58  Assimilator  
  82  6:00  Assimilator  
  91  6:07  Probe  
  91  6:08  Probe  
  93  6:15  Probe  
  93  6:17  Pylon  
  94  6:20  Probe  
  94  6:23  Shield Battery  
  94  6:24  Robotics Facility  
  95  6:25  Pylon  
  95  6:31  Void Ray  
  95  6:35  Pylon  
  95  6:36  Pylon  
  95  6:37  Probe x3  
  102  6:41  Photon Cannon  
  102  6:42  Pylon  
  102  6:49  Gateway  
  102  6:50  Gateway  
  102  6:57  Photon Cannon  
  102  6:59  Photon Cannon, Pylon  
  102  7:02  Gateway  
  102  7:03  Gateway  
  102  7:04  Void Ray  
  102  7:05  Void Ray  
  102  7:14  Observer  
  111  7:28  Protoss Ground Weapons Level 1  
  111  7:31  Robotics Bay  
  111  7:32  Gateway, Twilight Council  
  111  7:34  Gateway, Shield Battery  
  111  7:35  Pylon x2  
  111  7:42  Observer (Chrono Boost)  
  120  7:52  Phoenix x3  
  120  7:56  Protoss Air Weapons Level 1  
  118  7:58  Shield Battery  
  118  8:00  Shield Battery  
  118  8:02  Shield Battery  
  118  8:04  Photon Cannon  
  118  8:07  Charge (Chrono Boost)  
  118  8:14  Shield Battery  
  118  8:17  Phoenix x3  
  123  8:25  Probe x2  
  123  8:36  Void Ray x3  
  130  8:56  Nexus  
  130  8:57  Pylon  
  130  8:58  Immortal (Chrono Boost)  
  130  9:01  Probe x3  
  130  9:02  Templar Archives  
  134  9:13  Probe x2, Void Ray  
  140  9:27  Shield Battery  
  140  9:28  Zealot x2  
  140  9:29  Zealot x5  
  154  9:32  Zealot  
  154  9:36  Warp Prism (Chrono Boost)  
  158  9:41  Void Ray x2 (Chrono Boost)  
  147  9:56  High Templar  
  147  9:57  High Templar, Zealot x5  
  161  10:01  Pylon  
  161  10:02  Archon  
  161  10:04  Zealot  
  161  10:06  Probe x3  
  168  10:14  Void Ray (Chrono Boost)  
  168  10:22  High Templar x2  
  162  10:29  Void Ray (Chrono Boost)  
  162  10:30  Zealot x7  
  162  10:31  Zealot  
  178  10:35  Void Ray (Chrono Boost)  
  178  10:41  Void Ray (Chrono Boost)  
  169  10:58  Zealot x3  
  169  11:01  Void Ray (Chrono Boost)  
  169  11:18  High Templar x2, Void Ray (Chrono Boost)  
  161  11:19  Void Ray (Chrono Boost), Zealot x6  
  161  11:21  Photon Cannon  
  161  11:22  Archon  
  179  11:30  Void Ray (Chrono Boost)  
  187  11:46  Void Ray (Chrono Boost)  
  179  11:56  Zealot x8  
Tags
 
Add a new tag
Caveats
  • Supply blocks, unpowered buildings, or Contaminate may cause inaccurate times.
  • Supply counts are checked every 10 seconds.